 Dungeon Crawl Stone Soup version bcrawl-1.36 (webtiles) character file.

Game seed: 9361110386186494011

135445 Newguy the Sneak (level 4, -1/27 HPs)
             Began as an Octopode Enchanter on May 27, 2022.
             Slain by Sigmund
             ... wielding a +0 scythe
              (9 damage)
             ... on level 2 of the Dungeon.
             The game lasted 00:09:47 (1952 turns).

Newguy the Sneak (Octopode Enchanter)               Turns: 1952, Time: 00:09:48

Health: -1/27      AC:  5    Str:  7    XL:     4   Next: 72%
Magic:  16/17      EV: 14    Int: 17    God:
Gold:   137        SH:  0    Dex: 20    Spells: 5/8 levels left

rFire    . . .     SeeInvis .   o - +4 quarterstaff (chaos)
rCold    . . .     Gourm    .   (shield currently unavailable)
rNeg     . . .     Faith    .   (helmet restricted)
rPois    .         Spirit   .   (cloak restricted)
rElec    .         Reflect  .   (no amulet)
rCorr    .                      g - +7 ring of dexterity (curse)
MR       +....                  p - +4 ring of protection
Stlth    ++........             j - ring of magical power
HPRegen  0.09/turn              m - ring of protection from magic
MPRegen  0.15/turn              (no ring)
                                (no ring)
                                (no ring)
                                (no ring)

@: confused, very slightly contaminated, invisible
A: almost no armour, stealthy swim, resist paralysis, amphibious, 8 rings,
constrict 8, camouflage 1, gelatinous body 1
a: no special abilities


You were on level 2 of the Dungeon.
You were hungry.

You visited 1 branch of the dungeon, and saw 2 of its levels.

You collected 137 gold pieces.

Inventory:

Hand Weapons
 a - a +1 dagger
 b - a +0 dagger of venom
 o - a +4 quarterstaff of chaos (weapon)
Missiles
 f - 82 poisoned tomahawks (quivered)
Jewellery
 g - a cursed +7 ring of dexterity (left tentacle)
 j - a ring of magical power (on tentacle)
 m - a ring of protection from magic (on tentacle)
 p - a +4 ring of protection (right tentacle)
Scrolls
 c - a scroll of fog
 i - a scroll of identify
 l - a scroll of teleportation {unknown}
 n - a scroll of noise {unknown}
Potions
 h - a potion of lignification {unknown}
Comestibles
 e - 5 rations {!d}
 k - 8 chunks of flesh


   Skills:
 + Level 0.3 Fighting
 + Level 1.3 Short Blades
 + Level 2.3 Dodging
 + Level 5.5 Stealth
 * Level 2.9 Spellcasting
 + Level 3.4 Hexes
 + Level 0.9 Ice Magic


You had 5 spell levels left.
You knew the following spells:

 Your Spells              Type           Power        Failure   Level  Hunger
a - Corona                Hex            ##.....      4%          1    None
b - Ensorcelled Hibernat  Hex/Ice        #.....       11%         2    #......

Your spell library contained the following spells:

 Spells                   Type           Power        Failure   Level  Hunger
 Confuse                  Hex            ##......     13%         3    ####...
 Tukima's Dance           Hex            ##......     13%         3    ####...
 Dazzling Orbs            Conj/Hex       #......      26%         3    ####...
 Cause Fear               Hex            ##........   38%         4    #####..


Dungeon Overview and Level Annotations

Branches:
Dungeon (2/12)

Altars:

Annotations:
D:2 Sigmund


Innate Abilities, Weirdness & Mutations

You cannot wear most types of armour.
You are very stealthy in the water. (Stealth+)
Your unusual nervous system resists paralysis.
You are amphibious.
You can wear up to eight rings at the same time.
You can use your tentacles to constrict eight enemies at once.
Your skin changes colour to match your surroundings (Stealth+).
Your rubbery body absorbs attacks. (AC +1, EV +1)


Message History

You fade into invisibility!
Something hits you!
You are very lightly contaminated with residual magic.
You closely miss something. You squeeze something.
You hear some strange, mumbled words.
Something tries to affect you, but you resist.
You barely miss something. Something hits you!
* * * LOW HITPOINT WARNING * * *
You miss something. Something hits you but does no damage.
You closely miss something.
You are feeling hungry.
Something barely misses you.
You hit something.
Nothing appears to happen.
You squeeze something!
You hear some strange, mumbled words.
You are confused.
You hear some strange, mumbled words.
Something tries to affect you, but you resist.
Something hits you!
You die...

#.#.##.#
#.........
#...##..
+.........
####...##.#
#.........
......##.#
#.........
#####..#.##.#
#.........
...#..#..#.#
#.........
########.#..#..#.#
#####.####
...........#..#.#
######.#
#......#...@{..#
#......####
#......######..#
#..........
#......######..#
#.....#####
#..............#
#.....#
#.....######...#
#.....# #.....###
#...###.....#
#.......#
#...##.<....#
###.###.#
#...###.....# ###
#.#<#.#
#..>.......##


There were no monsters in sight!

Vanquished Creatures
  Crazy Yiuf (D:2)
  Terence (D:2)
  3 dart slugs
  3 leopard geckos (D:1)
  A ball python (D:1)
  A giant cockroach (D:1)
  3 goblins
  5 hobgoblins
  5 kobolds
  7 bats
  3 frilled lizards (D:2)
  5 rats
38 creatures vanquished.

Notes
Turn   | Place    | Note
-------+----------+-------------------------------------------
     0 | D:1      | Newguy the Octopode Enchanter began the quest for the Orb.
     0 | D:1      | Reached XP level 1. HP: 11/11 MP: 3/3
   133 | D:1      | Reached XP level 2. HP: 11/17 MP: 3/5
   241 | D:1      | Learned a level 2 spell: Ensorcelled Hibernation
   562 | D:1      | Reached XP level 3. HP: 21/21 MP: 6/6
  1325 | D:2      | Reached skill level 5 in Stealth
  1365 | D:2      | Noticed Terence
  1401 | D:2      | Killed Terence
  1402 | D:2      | Reached XP level 4. HP: 27/27 MP: 6/8
  1642 | D:2      | Noticed Sigmund
  1782 | D:2      | Found a runed door.
  1786 | D:2      | Noticed Crazy Yiuf
  1792 | D:2      | Killed Crazy Yiuf
  1952 | D:2      | Slain by Sigmund

Skill      XL: |  1  2  3 |
---------------+----------+-----
Stealth        | 5 |  5.5
Fighting       | |  0.3
Short Blades   | |  1.3
Dodging        | |  2.3
Spellcasting   | |  2.9
Hexes          | |  3.4
Ice Magic      | |  0.9

Action                   |  1- 3 |  4- 6 || total
-------------------------+-------+-------++-------
Melee: Dagger            |    37 |     7 ||    44
       Tentacles         |     5 |     2 ||     7
       Constrict         |     6 |       ||     6
       Quarterstaff      |       |     6 ||     6
 Cast: Corona            |    10 |     1 ||    11
       Ensorcelled Hiber |    18 |     8 ||    26
  Use: Potion            |       |     1 ||     1
 Stab: Sleeping          |    20 |     8 ||    28
  Eat: Chunk             |     4 |     2 ||     6
Armor: Skin              |     3 |     2 ||     5
Dodge: Dodged            |    18 |     7 ||    25
